 Dungeon Crawl Stone Soup version 0.18.1-6-gd335043 (webtiles) character file.

2373 deorigin the Bludgeoner (level 9, -7/84 HPs)
             Began as an Ogre Berserker on May 17, 2016.
             Was an Elder of Trog.
             Shot with a bolt by an orc warrior (10 damage)
             ... in a bailey.
             The game lasted 00:13:58 (7068 turns).

deorigin the Bludgeoner (Ogre Berserker)            Turns: 7068, Time: 00:13:58

Health: -7/84      AC:  5    Str: 24    XL:     9   Next: 45%
Magic:  9/9        EV: 10    Int:  6    God:    Trog [****..]
Gold:   318        SH:  3    Dex: 12    Spells: 0 memorised, 8 levels left

rFire  . . .     SeeInvis .     I - +0 giant club
rCold  . . .     Gourm    .     k - +2 robe {rN+}
rNeg   + . .     Faith    .     (shield currently unavailable)
rPois  .         Spirit   .     (helmet restricted)
rElec  .         Dismiss  .     (no cloak)
rCorr  .         Reflect  +     (gloves unavailable)
SustAt .         Harm     .     (boots unavailable)
MR     .....                    o - +3 amulet of reflection
Stlth  +.........               (no ring)
                                (no ring)

@: not resistant to hostile enchantments, very unstealthy
A: unfitting armour, tough skin 1
a: Berserk, Trog's Hand, Brothers in Arms, Burn Spellbooks, Renounce Religion


You were in a bailey.
You worshipped Trog.
Trog was greatly pleased with you.
You were not hungry.

You visited 1 branch of the dungeon, and saw 7 of its levels.
You also visited: Bailey.

You collected 318 gold pieces.

Inventory:

Hand Weapons
 a - a +0 mace
 n - a +0 morningstar
 s - a +0 blowgun
 t - a +2 short sword of venom
 I - a +0 giant club (weapon)
Missiles
 u - 20 poisoned needles
 z - a throwing net (quivered)
 C - 3 poisoned tomahawks
Armour
 b - a +0 animal skin
 k - a +2 robe of positive energy (worn)
Jewellery
 o - a +3 amulet of reflection (around neck)
Wands
 x - a wand of slowing (23/48)
 D - a wand of polymorph (13/24)
 F - a wand of iceblast (8/15)
 H - a wand of heal wounds (4/9)
Scrolls
 h - 3 scrolls of remove curse
 i - a scroll of identify
 l - a scroll of magic mapping
 p - 4 scrolls of teleportation
 r - a scroll of fog {unknown}
 w - a scroll of fear {unknown}
 y - a scroll of enchant weapon {unknown}
 E - 2 scrolls of enchant armour {unknown}
Potions
 d - 3 potions of heal wounds
 g - 2 potions of flight
 j - 4 potions of agility
 m - 2 potions of magic
 q - 4 potions of curing
 B - a potion of brilliance
Comestibles
 c - 3 bread rations
 f - 2 chunks of flesh
 v - 4 meat rations
 A - 3 fruits


   Skills:
 - Level 4.0 Fighting
 + Level 15.5 Maces & Flails
 - Level 2.6 Dodging


You had 8 spell levels left.
You didn't know any spells.

Dungeon Overview and Level Annotations

Branches:
Dungeon (7/15)             Temple (0/1) D:6

Altars:
Fedhas
Makhleb
Trog


Innate Abilities, Weirdness & Mutations

You are too large for most types of armour.
You have tough skin (AC +1).


Message History

The orc shoots a bolt.
The bolt hits you.
You see here a bolt.
The orc shoots a bolt.
The bolt hits you!
An orc warrior comes into view. It is wielding an arbalest.
You see here a bolt.
The orc warrior shoots a bolt.
The bolt barely misses you.
The orc shoots a bolt.
The bolt hits you.
The orc warrior shoots a bolt.
The bolt hits you!
You see here 2 bolts.
The orc unwields an uncursed arbalest.
The orc closely misses you.
You bludgeon the orc!!
You kill the orc!
Trog accepts your kill.
The orc warrior shoots a bolt.
The bolt hits you!
* * * LOW HITPOINT WARNING * * *
The orc warrior shoots a bolt.
The bolt hits you!
* * * LOW HITPOINT WARNING * * *
You see here a bolt.
The orc warrior shoots a bolt.
The bolt hits you!
You die...

#......≈##.##≈≈≈≈≈≈≈
#......≈≈#.#≈≈o≈≈≈≈≈
#......≈≈≈≈≈≈≈≈≈≈≈≈≈
#...........).......
#...........(.......
#..........((.......
#.(.................
#.∩........((.......
#∩......@..(........
####################


You could see an orc warrior.

Vanquished Creatures
  Pikel (D:5)
  A wyvern (D:7)
  A water moccasin (D:6)
  Duvessa (D:5)
  A black bear (D:5)
  An ogre (D:6)
  3 centaurs
  Blork the orc (D:5)
  3 giant frogs
  Dowan (D:5)
  2 scorpions
  A jelly (D:6)
  3 hounds
  5 orc priests
  A giant frog skeleton (D:5)
  Ijyb (D:2)
  Terence (D:2)
  2 orc wizards (D:5)
  3 worker ants
  A hound zombie (D:6)
  3 hound skeletons
  Robin (D:3)
  3 adders
  4 gnolls (D:6)
  2 shadow imps (D:5)
  2 oozes
  3 adder skeletons
  6 worms
  3 dart slugs (D:1)
  6 giant geckos
  15 orcs
  4 bats
  6 giant cockroaches
  10 goblins
  11 hobgoblins
  7 jackals
  11 kobolds
  A quokka (D:6)
  A ball python (D:2)
  4 giant newts
  3 rats (D:2)
  A plant (D:3)
141 creatures vanquished.

Notes
Turn   | Place    | Note
--------------------------------------------------------------
     0 | D:1      | deorigin the Ogre Berserker began the quest for the Orb.
     0 | D:1      | Reached XP level 1. HP: 24/24 MP: 1/1
    74 | D:1      | Reached XP level 2. HP: 22/32 MP: 2/2
   287 | D:1      | Reached skill level 5 in Maces & Flails
   522 | D:1      | Reached XP level 3. HP: 36/39 MP: 3/3
   686 | D:2      | Noticed Terence
   696 | D:2      | Reached ** piety under Trog
   698 | D:2      | Killed Terence
   698 | D:2      | Reached skill level 6 in Maces & Flails
   698 | D:2      | Reached XP level 4. HP: 26/48 MP: 4/4
  1160 | D:2      | Noticed Ijyb
  1173 | D:2      | Killed Ijyb
  1173 | D:2      | Reached skill level 7 in Maces & Flails
  1218 | D:2      | Reached XP level 5. HP: 49/54 MP: 5/5
  1756 | D:3      | Noticed Robin
  1770 | D:3      | Killed Robin
  2161 | D:3      | Reached skill level 8 in Maces & Flails
  2177 | D:3      | Found a blossoming altar of Fedhas.
  2188 | D:3      | Found a bloodstained altar of Trog.
  2192 | D:3      | Found a burning altar of Makhleb.
  2685 | D:4      | Reached XP level 6. HP: 56/62 MP: 6/6
  2713 | D:4      | Reached *** piety under Trog
  2713 | D:4      | Reached skill level 9 in Maces & Flails
  3835 | D:5      | Entered Level 5 of the Dungeon
  3835 | D:5      | Noticed a black bear
  3845 | D:5      | Killed a black bear
  3845 | D:5      | Reached skill level 10 in Maces & Flails
  3845 | D:5      | Reached XP level 7. HP: 26/70 MP: 7/7
  4097 | D:5      | Noticed Dowan
  4098 | D:5      | Noticed Duvessa
  4150 | D:5      | Killed Duvessa
  4156 | D:5      | Killed Dowan
  4244 | D:5      | Reached skill level 11 in Maces & Flails
  4490 | D:5      | Reached XP level 8. HP: 63/78 MP: 8/8
  4498 | D:5      | Reached skill level 12 in Maces & Flails
  4729 | D:5      | Found a blossoming altar of Fedhas.
  4912 | D:5      | Noticed Blork the orc
  4918 | D:5      | Noticed Pikel
  4921 | D:5      | Killed Blork the orc
  4930 | D:5      | Killed Pikel
  4930 | D:5      | Reached skill level 13 in Maces & Flails
  5107 | D:5      | Received a gift from Trog
  5442 | D:6      | Reached skill level 14 in Maces & Flails
  5465 | D:6      | Reached XP level 9. HP: 27/84 MP: 9/9
  6386 | D:6      | Reached skill level 15 in Maces & Flails
  6697 | D:6      | Found a staircase to the Ecumenical Temple.
  6842 | D:7      | Found a flagged portal.
  6849 | D:7      | Reached **** piety under Trog
  7042 | Bailey   | Entered a bailey
  7065 | Bailey   | HP: 3/84 [orc warrior/bolt (10)]
  7068 | Bailey   | Shot with a bolt by an orc warrior

Skill      XL: |  1  2  3  4  5  6  7  8  9 |
---------------+----------------------------+-----
Maces & Flails | 5 6 7 8 10 11 14 15 | 15.5
Fighting       | |  4.0
Dodging        | |  2.6

Action                   |  1- 3 |  4- 6 |  7- 9 || total
-------------------------+-------+-------+-------++-------
Melee: Mace              |    73 |       |       ||    73
       Morningstar       |       |   199 |   194 ||   393
       Giant club        |       |       |     1 ||     1
Invok: Berserk           |     1 |     1 |     3 ||     5
       Trog's Hand       |       |       |     1 ||     1
  Use: Scroll            |       |     8 |     6 ||    14
  Eat: Chunk             |       |     9 |     8 ||    17
       Pizza             |       |     1 |       ||     1
       Beef jerky        |       |       |     2 ||     2
       Fruit             |       |       |     4 ||     4
Armor: Animal skin       |    23 |    43 |       ||    66
       Robe              |       |       |    26 ||    26
Dodge: Dodged            |    41 |    94 |    95 ||   230
Block: Other             |       |    12 |    20 ||    32
       Reflection        |       |       |     1 ||     1
